 Dungeon Crawl Stone Soup version 0.29.1-12-g30fa7ad0bf (webtiles) character file.

Game seed: 10235486600042754359

2298 Lutefisk the Covert (level 9, -8/72 HPs)
             Began as a Vampire Brigand on Jan 9, 2023.
             Was an Initiate of Wu Jian.
             Mangled by a gnoll sergeant
             ... wielding a +1 trident of holy wrath
              (9 damage)
             ... on level 7 of the Dungeon.
             The game lasted 00:25:43 (3436 turns).

Lutefisk the Covert (Vampire Brigand)               Turns: 3436, Time: 00:25:43

Health: -8/72      AC: 11    Str: 10    XL:     9   Next: 17%
Magic:  9/9        EV: 13    Int: 13    God:    Wu Jian [......]
Gold:   150        SH:  0    Dex: 24    Spells: 8/8 levels left

rFire   + . .      SeeInvis +   B - +0 scimitar
rCold   . . .      Faith    .   (no shield)
rNeg    . . .      Spirit   .   k - +0 ring mail
rPois   .          Reflect  .   (no helmet)
rElec   .          Harm     .   c - +0 cloak
rCorr   .          Rampage  .   q - +2 pair of gloves
Will    .....                   i - +0 pair of boots
Stlth   ++++......              x - amulet of Greed {Regen+ Dex+4}
HPRegen 1.22/turn               m - ring of protection from fire
MPRegen 0.11/turn               (no ring)

@: healing quickly, studying Unarmed Combat
A: alive, fangs 3, see invisible, vampiric 2
a: Exsanguinate, Renounce Religion


You were on level 7 of the Dungeon.
You worshipped Wu Jian.
Wu Jian was noncommittal.
You visited 2 branches of the dungeon, and saw 8 of its levels.
You also visited: Sewer.

You collected 150 gold pieces.

Inventory:

Hand Weapons
 a - a +3 dagger
 y - a +1 shortbow of freezing
 B - a +0 scimitar (weapon)
Missiles
 d - 24 poisoned darts (quivered)
 e - 3 curare-tipped darts
 p - 7 boomerangs
Armour
 c - a +0 cloak (worn)
 i - a +0 pair of boots (worn)
 k - a +0 ring mail (worn)
 q - a +2 pair of gloves (worn)
Jewellery
 m - a ring of protection from fire (left hand)
 x - the amulet of Greed (around neck) {Regen+ Dex+4}
   (You found it on level 4 of the Dungeon)

   [amulet of regeneration]

   Dex:       It affects your dexterity (+4).
   Regen:     It increases your rate of health regeneration.
 D - a ring of ice
Scrolls
 b - 2 scrolls of butterflies {unknown}
 f - 6 scrolls of identify {unknown}
 j - a scroll of vulnerability {unknown}
 n - 2 scrolls of teleportation {unknown}
 o - a scroll of brand weapon {unknown}
 r - 3 scrolls of magic mapping {unknown}
 s - 2 scrolls of poison {unknown}
 u - a scroll of enchant armour {unknown}
 C - a scroll of enchant weapon {unknown}
 H - a scroll of noise {unknown}
Potions
 g - 4 potions of curing {unknown}
 h - 5 potions of mutation {unknown}
 l - 2 potions of flight {unknown}
 t - a potion of magic {unknown}
 v - 2 potions of cancellation {unknown}
 w - 3 potions of might
 z - a potion of degeneration {unknown}
 A - a potion of berserk rage {unknown}
 E - a potion of resistance {unknown}
 F - a potion of invisibility {unknown}
 G - a potion of heal wounds {unknown}


   Skills:
 - Level 7.0 Fighting
 - Level 2.1(4.3) Short Blades
 * Level 5.4(5.6) Long Blades
 - Level 2.0 Throwing
 - Level 3.0 Armour
 - Level 5.0 Dodging
 - Level 10.0 Stealth


You had 8 spell levels left.
You didn't know any spells.
Your spell library contained the following spells:

 Spells                   Type           Power      Damage    Failure   Level
 Freeze                   Ice            0%         1d3       58%         1
 Magic Dart               Conj           0%         1d3       58%         1
 Call Imp                 Summ           0%         N/A       75%         2
 Ensorcelled Hibernation  Hex/Ice        0%         N/A       75%         2
 Passwall                 Tmut/Erth      0%         N/A       75%         2
 Sublimation of Blood     Necr           0%         N/A       75%         2
 Wereblood                Tmut           0%         N/A       75%         2
 Frozen Ramparts          Ice            0%         1d1       92%         3
 Mephitic Cloud           Conj/Pois/Air  0%         N/A       92%         3
 Swiftness                Air            0%         N/A       92%         3
 Hailstorm                Conj/Ice       0%         3d3       100%        4
 Summon Hydra             Summ           0%         N/A       100%        7


Dungeon Overview and Level Annotations

Branches:
Dungeon (7/15)             Temple (1/1) D:7           Sewer (visited)

Altars:
Ashenzari
Dithmenos
Fedhas
Gozag
Hepliaklqana
Kikubaaqudgha
Makhleb
Okawaru
Qazlal
Sif Muna
Trog
Uskayaw
Wu Jian
Xom
Yredelemnul


Innate Abilities, Weirdness & Mutations

Your natural rate of healing is accelerated.
You have razor-sharp teeth.
You have supernaturally acute eyesight. (SInv)
You are afflicted with vampirism and can become a bat while bloodless.


Message History

You slash the gnoll!
You kill the gnoll!
The Council accepts your kill.
The gnoll hits you from afar with a +0 spear.
The gnoll hits you with a +0 spear.
Items here: ! )) ††.
You slice the gnoll!!
You kill the gnoll!
The Council accepts your kill.
Things that are here:
a +0 spear; a gnoll corpse
v - 2 metallic brown potions (gained 1)
Items here: )) ††.
You see here a +0 halberd.
You open the door.
Found a scroll labelled EXZAYG AGIGANA.
There is an open door here.
You see here a scroll labelled EXZAYG AGIGANA.
r - 3 scrolls labelled EXZAYG AGIGANA (gained 1)
There is an open door here.
You lunge at the gnoll sergeant.
You hit the gnoll sergeant.
The gnoll sergeant is lightly wounded.
The gnoll sergeant closely misses you.
You closely miss the gnoll sergeant.
The gnoll sergeant is lightly wounded.
The gnoll sergeant closely misses you.
You hit the gnoll sergeant but do no damage.
You bite the gnoll sergeant, but do no damage.
The gnoll sergeant is lightly wounded.
The gnoll sergeant drinks a potion.
The gnoll sergeant seems to grow stronger.
You hit the gnoll sergeant but do no damage.
The gnoll sergeant is lightly wounded.
The gnoll sergeant closely misses you.
The gnoll sergeant hits you with a +1 trident of holy wrath!!
You convulse!!
The gnoll sergeant hits you from afar with a +1 trident of holy wrath!!
* * * LOW HITPOINT WARNING * * *
You convulse!
You die...

......... #.⌠.# .
#.#...........###...###.
...#....................
..............⌠).>..⌠..
#....+.........)......
#....######.###)..###.
#....##.......#.⌠.#...
##....##.......#†..#...
#.....@.g..............
##....##....##.........
#....########...##....
#######....#######...#
.........'....##...#
.......).#.........#
..####)###.........
#.... #.<).##...##....
#.......†..####+##....


You could see a gnoll sergeant (strong).

Vanquished Creatures
  A water moccasin (D:6)
  Duvessa (D:5)
  A sky beast (D:7)
  2 orc warriors
  An ogre (D:6)
  3 centaurs
  A phantom (D:6)
  2 necrophages
  3 scorpions
  3 wights (D:6)
  Dowan (D:5)
  2 vampire bats (D:3)
  2 howler monkeys
  A hound (D:5)
  A jelly (D:4)
  5 orc priests (D:6)
  A gnoll bouda (D:4)
  4 iguanas
  3 orc wizards
  6 gnolls
  11 adders
  4 river rats (Sewer)
  2 white imps
  A worm (D:5)
  A dart slug (D:3)
  30 orcs
  3 bats
  A bat skeleton (D:3)
  4 bat zombies (D:3)
  5 endoplasms
  5 giant cockroaches
  7 goblins
  8 hobgoblins
  4 jackals
  8 kobolds
  6 quokkas
  8 ball pythons
  5 frilled lizards (Sewer)
  7 rats
164 creatures vanquished.

Vanquished Creatures (others)
  2 plants (Sewer)
2 creatures vanquished.

Grand Total: 166 creatures vanquished

Notes
Turn   | Place    | Note
-------+----------+-------------------------------------------
     0 | D:1      | Lutefisk the Vampire Brigand began the quest for the Orb.
     0 | D:1      | Reached XP level 1. HP: 16/16 MP: 1/1
    26 | D:1      | Reached skill level 6 in Stealth
   106 | D:2      | Reached XP level 2. HP: 23/23 MP: 2/2
   579 | D:2      | Gained mutation: You are afflicted with vampirism and can
                  | become a bat while bloodless. [Vampire growth]
   579 | D:2      | Reached XP level 3. HP: 28/28 MP: 3/3
   851 | D:3      | Found an ancient bone altar of Kikubaaqudgha.
   874 | D:3      | Reached skill level 7 in Stealth
   874 | D:3      | Reached XP level 4. HP: 34/35 MP: 4/4
   923 | D:3      | Found a basalt altar of Yredelemnul.
   995 | D:3      | Reached XP level 5. HP: 42/42 MP: 5/5
  1046 | D:4      | Found a glowing drain.
  1088 | Sewer    | Entered a sewer
  1307 | Sewer    | Reached skill level 8 in Stealth
  1351 | Sewer    | Reached skill level 1 in Long Blades
  1583 | D:4      | Identified the amulet of Greed {Regen+ Dex+4}
  1659 | D:4      | Reached XP level 6. HP: 48/48 MP: 6/6
  1732 | D:4      | Reached skill level 1 in Armour
  1804 | D:4      | Reached skill level 5 in Fighting
  1903 | D:5      | Entered Level 5 of the Dungeon
  2005 | D:5      | Reached XP level 7. HP: 56/56 MP: 7/7
  2051 | D:5      | Noticed Duvessa
  2051 | D:5      | Noticed Dowan
  2346 | D:5      | Reached XP level 8. HP: 52/62 MP: 8/8
  2415 | D:5      | Killed Duvessa
  2416 | D:5      | Reached skill level 9 in Stealth
  2432 | D:5      | Killed Dowan
  2627 | D:5      | Reached skill level 10 in Stealth
  2839 | D:6      | Reached skill level 5 in Dodging
  2995 | D:6      | Found a basalt altar of Yredelemnul.
  3258 | D:7      | Reached XP level 9. HP: 65/71 MP: 9/9
  3305 | D:7      | Found a staircase to the Ecumenical Temple.
  3325 | Temple   | Entered the Ecumenical Temple
  3328 | Temple   | Reached skill level 5 in Long Blades
  3383 | Temple   | Became a worshipper of the Wu Jian Council
  3436 | D:7      | HP: 1/72 [gnoll sergeant/+1 trident of holy wrath (22)]
  3436 | D:7      | Mangled by a gnoll sergeant

Illustrated notes

Levels and vault maps discovered:
D:1:      dpeg_arrival_line_fractal, layout_basic
D:2:      layout_loops_ring, shapermc_ecumenical_altar_petra
D:3:      layout_loops_ring, kennysheep_vampire_church,
          yredelemnul_altar_generic, minmay_misc_feat_chi,
          minmay_misc_feat_doors
D:4:      layout_rooms, gup_sewer_entry_glass, hangedman_abyss_or_decor_stabs
D:5:      layout_cave_pods, minmay_manual_moon, uniq_duvessa
D:6:      layout_basic, minmay_ruined_shrine
D:7:      layout_gridville, minmay_temple_entry_junction_2,
          minmay_splitting_lines, dreamdust_princess_bridge,
          corexii_corridor_pit, uniq_joseph, uniq_menkaure
Temple:   compressed_dpeg_triangle_lava_temple

Skill      XL: |  1  2  3  4  5  6  7  8  9 |
---------------+----------------------------+-----
Stealth        | 6 7 8 10 | 10.0
Fighting       | 2 3 4 5 6 7 |  7.0
Throwing       | 2 |  2.0
Dodging        | 2 4 5 |  5.0
Long Blades    | 1 2 3 4 5 |  5.4
Armour         | 1 2 3 |  3.0
Short Blades   | |  2.1

Action                   |  1- 3 |  4- 6 |  7- 9 || total
-------------------------+-------+-------+-------++-------
Melee: Dagger            |   139 |   296 |    20 ||   455
       Bite              |    11 |    29 |    25 ||    65
       Punch             |       |     1 |     2 ||     3
       Scimitar          |       |       |   176 ||   176
       Long sword        |       |       |    17 ||    17
 Fire: Shortbow          |       |     9 |     1 ||    10
Throw: Boomerang         |     4 |    23 |    19 ||    46
       Dart              |       |     9 |    20 ||    29
Invok: Lunge             |       |       |     1 ||     1
 Stab: Sleeping          |    12 |     6 |     1 ||    19
Armor: Robe              |     3 |       |       ||     3
       Ring mail         |    67 |   124 |    82 ||   273
Dodge: Dodged            |    77 |   128 |   134 ||   339
